 Dungeon Crawl Stone Soup version 0.30-a0-950-gbf40cfac39 (webtiles) character file.

Game seed: 6803109605061571747

499 Grim the Conjurer (level 6, -2/32 HPs)
             Began as a Deep Elf Conjurer on Mar 28, 2023.
             Slain by an ogre
             ... wielding a +0 giant club
              (34 damage)
             ... on level 4 of the Dungeon.
             The game lasted 00:12:42 (4298 turns).

Grim the Conjurer (Deep Elf Conjurer)               Turns: 4298, Time: 00:12:43

Health: -2/32      AC:  2    Str:  4    XL:     6   Next: 94%
Magic:  10/16      EV: 12    Int: 25    God:
Gold:   164        SH:  5    Dex: 13    Spells: 3/16 levels left

rFire   . . .      SeeInvis .    m - +0 falchion
rCold   . . .      Faith    .    (no shield)
rNeg    . . .      Spirit   .    a - +0 robe
rPois   .          Reflect  +    (no helmet)
rElec   .          Rampage  .    (no cloak)
rCorr   .                        (no gloves)
Will    .....                    (no boots)
Stlth   ++                       p - amulet of reflection
HPRegen 0.25/turn                (no ring)
MPRegen 0.15/turn                (no ring)

@: no status effects
A: no striking features
a: no special abilities


You were on level 4 of the Dungeon.
You visited 1 branch of the dungeon, and saw 4 of its levels.
You also visited: Sewer.

You collected 164 gold pieces.

Inventory:

Hand Weapons
 m - a +0 falchion (weapon)
Armour
 a - a +0 robe (worn)
 o - a +3 ring mail
 s - a +0 troll leather armour {Pargi}
Jewellery
 j - a ring of fire
 p - an amulet of reflection (around neck)
Wands
 r - a wand of iceblast (9)
Scrolls
 d - 2 scrolls of vulnerability {unknown}
 f - 2 scrolls of enchant armour {unknown}
 l - 3 scrolls of enchant weapon {unknown}
 n - a scroll of torment {unknown}
 q - 2 scrolls of teleportation {unknown}
Potions
 b - a potion of magic
 c - 2 potions of heal wounds
 e - a potion of lignification
 h - a potion of mutation {!q}
 i - a potion of degeneration {!q}
 k - a potion of brilliance
 t - a potion of ambrosia
 u - a potion of flight {unknown}


   Skills:
 - Level 2.4 Dodging
 - Level 2.4 Stealth
 + Level 5.7 Spellcasting
 + Level 6.0 Conjurations
 + Level 2.5 Hexes
 - Level 3.0 Air Magic
 - Level 3.0 Poison Magic


You had 3 spell levels left.
You knew the following spells:

 Your Spells              Type           Power      Damage    Failure   Level
a - Magic Dart            Conj           100%       1d8       1%          1
b - Searing Ray           Conj           74%        2d7       1%          2
c - Dazzling Flash        Conj/Hex       56%        N/A       3%          3
d - Mephitic Cloud        Conj/Pois/Air  27%        N/A       4%          3
e - Fulminant Prism       Conj/Hex       14%        3d9       13%         4

Your spell library contained the following spells:

 Spells                   Type           Power      Damage    Failure   Level
 Call Imp                 Summ           7%         N/A       12%         2
 Iskenderun's Mystic Bla  Conj/Tloc      22%        2d6       22%         4


Dungeon Overview and Level Annotations

Branches:
Dungeon (4/15)              Sewer (visited)
 Temple: D:4-7

Altars:
Dithmenos
Hepliaklqana
Nemelex Xobeh
Ru

Shops:
D:3 [


Message History

Aiming: Magic Dart (safe; 1% risk of failure)
Press: ? - help, Q - select action, (/) - cycle Shift-Dir - straight line, f - ogre
Aim: an ogre, wielding a +0 giant club (asleep, 100% to hit)
The magic dart hits the ogre.
The ogre is lightly wounded.
The ogre shouts!
Aiming: Magic Dart (safe; 1% risk of failure)
Press: ? - help, Q - select action, (/) - cycle Shift-Dir - straight line, f/p - ogre
Aim: an ogre, wielding a +0 giant club (lightly wounded, 100% to hit)
The magic dart hits the ogre.
The ogre is lightly wounded.
Unknown command.
Aiming: Magic Dart (safe; 1% risk of failure)
Press: ? - help, Q - select action, (/) - cycle Shift-Dir - straight line, f/p - ogre
Aim: an ogre, wielding a +0 giant club (lightly wounded, 100% to hit)
The magic dart hits the ogre.
The ogre is lightly wounded.
Aiming: Magic Dart (safe; 1% risk of failure)
Press: ? - help, Q - select action, (/) - cycle Shift-Dir - straight line, f/p - ogre
Aim: an ogre, wielding a +0 giant club (lightly wounded, 100% to hit)
The magic dart hits the ogre!
The ogre is heavily wounded.
Casting: Magic Dart (safe; 1% risk of failure)
Confirm with . or Enter, or press ? or * to list all spells.
Aiming: Mephitic Cloud (dangerous; 4% risk of failure)
Press: ? - help, Shift-Dir - straight line, f/p - ogre
Aim: an ogre, wielding a +0 giant club (heavily wounded, chance to affect: 77%)
The ball explodes into a vile cloud!
The stinking cloud engulfs the ogre but does no damage.
The ogre is heavily wounded.
The ogre is engulfed in noxious fumes.
The ogre appears confused.
The ogre is engulfed in noxious fumes.
The ogre appears confused.
The ogre closely misses you.
You hit the ogre but do no damage.
The ogre is heavily wounded.
You hit the ogre.
The ogre is heavily wounded.
The ogre hits you with a +0 giant club!!
Ouch! That really hurt!
You die...

.#...##.....#...#
..##.##.........##
..#..............#
......#....##....#
.#.#.###.........#
.##...##........## #
.................## ...
....#...#.........#.....
.##.##.###......@.......
.....#..........O.......
.###.......###..°°°.....
.##...........#.........
.#..................#...
..).....##.......##.##..
#.......#......... .. ##
.......#.......... ...
...........


You could see an ogre (confused).

Vanquished Creatures
  Sigmund (D:2)
  Pargi (Sewer)
  A bullfrog (D:3)
  An orc priest (D:2)
  4 adders
  3 river rats (D:3)
  4 worms
  2 dart slugs
  2 orcs (D:3)
  5 ball pythons
  16 bats
  4 endoplasms
  2 giant cockroaches
  7 goblins
  4 hobgoblins
  4 jackals (D:4)
  3 quokkas
  2 frilled lizards (D:2)
  9 kobolds
  2 rats (D:3)
77 creatures vanquished.

Notes
Turn   | Place    | Note
-------+----------+-------------------------------------------
     0 | D:1      | Grim the Deep Elf Conjurer began the quest for the Orb.
     0 | D:1      | Reached XP level 1. HP: 10/10 MP: 6/6
   504 | D:1      | Reached XP level 2. HP: 15/15 MP: 4/8
   559 | D:1      | Learned a level 2 spell: Searing Ray
  1220 | D:2      | Noticed Sigmund
  1221 | D:2      | Reached skill level 5 in Conjurations
  1221 | D:2      | Reached XP level 3. HP: 19/19 MP: 8/10
  1257 | D:2      | Learned a level 3 spell: Dazzling Flash
  1436 | D:2      | Reached skill level 1 in Hexes
  1542 | D:2      | Learned a level 3 spell: Mephitic Cloud
  1759 | D:2      | Reached XP level 4. HP: 24/24 MP: 8/12
  1843 | D:2      | Killed Sigmund
  1844 | D:2      | Reached XP level 5. HP: 7/28 MP: 5/14
  2493 | D:3      | Reached skill level 5 in Spellcasting
  2493 | D:3      | Reached XP level 6. HP: 32/32 MP: 12/15
  2672 | D:3      | Found a sparkling altar of Nemelex Xobeh.
  2672 | D:3      | Found a sacrificial altar of Ru.
  2687 | D:3      | Found Fekija's Armour Shop.
  3011 | D:3      | Found a glowing drain.
  3018 | Sewer    | Entered a sewer
  3086 | Sewer    | Noticed Pargi
  3106 | Sewer    | Killed Pargi
  3107 | Sewer    | Reached skill level 6 in Conjurations
  3460 | D:3      | Learned a level 4 spell: Fulminant Prism
  3753 | D:3      | Found a hazy altar of Hepliaklqana.
  3830 | D:3      | Found a shadowy altar of Dithmenos.
  4298 | D:4      | Slain by an ogre

Illustrated notes

Levels and vault maps discovered:
D:1:      roderic_crop_circles_arrival_small, layout_loops_ring
D:2:      minmay_skewed_foursquare, layout_loops_corners, uniq_sigmund
D:3:      layout_basic, nicolae_hepliaklqana_hippocampus,
          mainiacjoe_overflow_tiny_flanked, gammafunk_temple_overflow_wave,
          serial_shops, nicolae_shop_hallway_plus, lightli_sewer_entry_pipes
D:4:      layout_cave_pools, minmay_temple_entry_junction, uniq_grinder,
          uniq_natasha

Skill      XL: |  1  2  3  4  5  6 |
---------------+-------------------+-----
Spellcasting   | 4 5 |  5.7
Conjurations   | 5 6 |  6.0
Hexes          | 1 2 |  2.5
Air Magic      | 2 3 |  3.0
Poison Magic   | 2 3 |  3.0
Dodging        | |  2.4
Stealth        | |  2.4

Action                     |  1- 3 |  4- 6 || total
---------------------------+-------+-------++-------
  Melee: Falchion          |     1 |    77 ||    78
   Cast: Magic Dart        |    68 |    53 ||   121
         Searing Ray       |     1 |     7 ||     8
         Mephitic Cloud    |       |     7 ||     7
    Use: Scroll            |       |     6 ||     6
         Potion            |       |     1 ||     1
   Stab: Confused          |       |     1 ||     1
         Sleeping          |       |     1 ||     1
 Armour: Robe              |     2 |    28 ||    30
  Dodge: Dodged            |     3 |    91 ||    94
  Block: Other             |       |    24 ||    24

Table legend: (Time is in decaauts)
 A = Elapsed time spent in this place.
 B = Non-inter-level travel time spent in this place.
 C = Inter-level travel time spent in this place.
 D = Time resting spent in this place.
 E = Time spent auto-exploring this place.
 F = Levels seen in this place.
 G = Mean time per level.
                   A        B        C        D        E       F      G
               +--------+--------+--------+--------+--------+-----+--------+
         Total |   4362 |   4198 |    164 |    846 |   2503 |   5 |  872.4 |
       Dungeon |   4161 |   3997 |    164 |    792 |   2469 |   4 | 1040.2 |
         Sewer |    200 |    200 |      0 |     54 |     34 |   1 |  200.0 |
               +--------+--------+--------+--------+--------+-----+--------+

Top non-repeatable levels by time:
     D:2: 1733 daAuts
     D:3: 1344 daAuts
     D:1: 743 daAuts
     D:4: 340 daAuts
   Sewer: 200 daAuts
